 Dungeon Crawl Stone Soup version 0.26-a0-661-g406de6ba63 (webtiles) character file.

Game seed: 12726884371397302513

27029 ringo67 the Warrior (level 13, -2/148 (150) HPs)
             Began as an Ogre Hunter on Oct 8, 2020.
             Was a High Priest of Ru.
             Slain by an entropy weaver (7 damage)
             ... on level 4 of the Lair of Beasts.
             The game lasted 00:50:20 (26434 turns).

ringo67 the Warrior (Ogre Hunter)                  Turns: 26434, Time: 00:50:21

HP:   -2/148 (150)  AC:  0    Str: 23    XL:     13   Next: 29%
MP:   6/13          EV: 11    Int: 15    God:    Ru [*****.]
Gold: 427           SH: 15    Dex: 15    Spells: 12/12 levels left

rFire    + . .     SeeInvis +   E - +5 mace of the Shore {vamp, rF+ rN+ Int+3 SInv}
rCold    . . .     Faith    .   j - +1 tower shield {reflect}
rNeg     + . .     Spirit   .   y - +0 steam dragon scales
rPois    .         Reflect  +   a - +2 hat
rElec    .         Harm     .   t - scarf {repulsion}
rCorr    +         Rampage  .   (gloves unavailable)
MR       +....                  (boots unavailable)
Stlth    ..........             K - amulet of magic regeneration
HPRegen  0.34/turn              u - ring of resist corrosion
MPRegen  0.38/turn              C - +6 ring of dexterity

@: exhausted, no potions, corroded, drained, repel missiles
A: large, unfitting armour, tough skin 1, inability to drink while threatened,
no stealth, inability to use devices, hated by all
a: Draw Out Power, Power Leap, Apocalypse, Renounce Religion


You were on level 4 of the Lair of Beasts.
You worshipped Ru.
Ru was extremely pleased with you.
You visited 3 branches of the dungeon, and saw 16 of its levels.
You also visited: Bailey.

You collected 795 gold pieces.
You spent 368 gold pieces at shops.

Inventory:

Hand Weapons
 c - a +0 dire flail
 o - a +3 morningstar of draining
 v - a +0 giant club
 D - a +1 antimagic whip
 E - the +5 mace of the Shore (weapon) {vamp, rF+ rN+ Int+3 SInv}
   (You bought it in a shop on level 10 of the Dungeon)

   It inflicts no extra harm, but heals its wielder when it wounds a living foe.
   It affects your intelligence (+3).
   It protects you from fire.
   It protects you from negative energy.
   It lets you see invisible.
Missiles
 w - 5 poisoned darts (quivered)
 x - 4 large rocks
 J - 4 curare-tipped darts
Armour
 a - a +2 hat (worn)
 d - the +0 robe of Fortification {Int+4 Dex+4}
   (You found it on level 6 of the Dungeon)

   It affects your intelligence (+4).
   It affects your dexterity (+4).
 h - a scarf of resistance
 j - a +1 tower shield of reflection (worn)
 t - a scarf of repulsion (worn)
 y - +0 steam dragon scales (worn)
Jewellery
 u - a ring of resist corrosion (left hand)
 C - a +6 ring of dexterity (right hand)
 G - an uncursed ring of poison resistance
 K - an amulet of magic regeneration (around neck)
 N - an uncursed ring of protection from fire
Scrolls
 b - 3 scrolls of teleportation
 l - a scroll of magic mapping
 n - 2 scrolls of remove curse
 p - a scroll of fear
 s - 5 scrolls of enchant armour
 H - a scroll of summoning {unknown}
 I - a scroll of identify
 L - 2 scrolls of fog {unknown}
 M - a scroll of random uselessness {unknown}
 O - 2 scrolls of amnesia
Potions
 e - a potion of berserk rage
 f - 4 potions of curing
 g - a potion of brilliance
 i - 5 potions of stabbing
 k - 3 potions of resistance
 m - 5 potions of might
 q - 2 potions of lignification
 r - a potion of cancellation
 z - a potion of ambrosia
 A - a potion of mutation
 B - a potion of invisibility
 F - a potion of heal wounds


   Skills:
 + Level 15.6(14.0) Fighting
 + Level 11.5(10.1) Maces & Flails
 - Level 8.0(6.7) Throwing
 + Level 10.6(9.3) Dodging
 - Level 3.2(2.1) Shields


You had 12 spell levels left.
You didn't know any spells.
Your spell library contained the following spells:

 Spells                   Type           Power        Failure   Level
 Corona                   Hex            #......      99%         1
 Foxfire                  Conj/Fire      #...         99%         1
 Shock                    Conj/Air       #...         99%         1
 Slow                     Hex            #.......     100%        2
 Swiftness                Air            #.......     100%        2
 Conjure Flame            Conj/Fire      #.......     100%        3
 Inner Flame              Hex/Fire       #.......     100%        3
 Portal Projectile        Hex/Tloc       #.....       100%        3
 Static Discharge         Conj/Air       #.......     100%        3
 Airstrike                Air            #.........   100%        4
 Cause Fear               Hex            #.........   100%        4
 Leda's Liquefaction      Hex/Erth       #.........   100%        4
 Sticky Flame             Conj/Fire      #.......     100%        4
 Fireball                 Conj/Fire      #.........   100%        5
 Lightning Bolt           Conj/Air       #.........   100%        5


Dungeon Overview and Level Annotations

Branches:
Dungeon (11/15)            Temple (1/1) D:5            Lair (4/6) D:8
  Snake (0/4) Lair:3       Bailey (visited)
  Swamp: Lair:2-4    Shoals: Lair:2-4       Orc: D:9-12

Altars:
Ashenzari
Cheibriados
Dithmenos
Elyvilon
Fedhas
Gozag
Hepliaklqana
Kikubaaqudgha
Makhleb
Nemelex Xobeh
Okawaru
Qazlal
Ru
Sif Muna
Trog
Uskayaw
Vehumet
Wu Jian
Xom
Yredelemnul
Zin
The Shining One

Shops:
D:7 [   D:10 (

Annotations:
D:6 4 runed translucent doors, Crazy Yiuf; jiml777's ghost, novice GnWr
D:8 Firebatgyro's ghost, novice OgDe; Joseph
D:10 exclusion: orange crystal statue


Innate Abilities, Weirdness & Mutations

You are too large for most types of armour.
You have tough skin. (AC +1)
You cannot drink potions while threatened.
You cannot be stealthy.
You cannot study or use magical devices.
You are hated by all.


Message History

The entropy weaver is almost dead.
The entropy weaver falters for a moment.
You closely miss the entropy weaver.
The entropy weaver is almost dead.
The entropy weaver hits you!
* * * LOW HITPOINT WARNING * * *
The entropy weaver hits you!
* * * LOW HITPOINT WARNING * * *
The entropy weaver hits you.
* * * LOW HITPOINT WARNING * * *
The entropy weaver barely misses you. The entropy weaver hits you.
* * * LOW HITPOINT WARNING * * *
The entropy weaver completely misses you.
The entropy weaver barely misses you. You block the entropy weaver's attack.
As you read the scroll of fear, it crumbles to dust.
You assume a fearsome visage.
The entropy weaver easily resists.
You block the entropy weaver's attack. x2; The entropy weaver hits you.
* * * LOW HITPOINT WARNING * * *
The entropy weaver hits you!
You die... #.!B# ...## # [... ##...# ##. .BD

#.#..# ... #.# #.#...#
.B #.## #.##...##
#B#..##.# #.#<.#
#..#..# ##†...#.##
#.####.#B###..........
#......#@††#.....###.
...........#####..##
.P#.......## #..#
.[#...##.. #..#
..#.... ##.. #.## .
#..P. ..# .. ....#.


PPP ##.. .P.. .PPP. You could see an entropy weaver (corona).

Vanquished Creatures
  An entropy weaver (Lair:4)
  A hydra (Lair:1)
  A two-headed ogre (D:8)
  A queen ant (Lair:4)
  An unseen horror (D:10)
  An ugly thing (D:10)
  2 oklob plants (Lair:3)
  A manticore (D:8)
  A black mamba (Lair:2)
  Psyche (D:8)
  7 cane toads
  2 komodo dragons
  A polar bear (Lair:2)
  A troll (D:10)
  A hornet (D:10)
  12 blink frogs
  Prince Ribbit (Lair:2)
  32 yaks
  Menkaure (D:4)
  3 steam dragons
  9 water moccasins
  5 soldier ants (Lair:4)
  5 orc warriors
  4 black bears
  An ice beast (D:10)
  A phantom (D:4)
  A necrophage (D:10)
  2 sky beasts
  11 wolves
  2 ogres
  3 centaurs
  A big kobold (D:7)
  12 bullfrogs
  A wyvern skeleton (D:8)
  3 scorpions
  A killer bee (D:10)
  9 wights
  A howler monkey (D:7)
  3 bullfrog zombies
  4 lava snakes (D:10)
  A centaur zombie (D:6)
  3 quasits (D:8)
  8 orc priests
  5 hounds
  A centaur skeleton (D:5)
  10 orc wizards
  4 iguanas
  19 worker ants
  12 adders
  5 gnolls
  A howler monkey skeleton (D:8)
  A shadow imp (D:8)
  2 white imps
  An ooze (D:1)
  An adder skeleton (D:2)
  2 worms
  3 dart slugs
  A leopard gecko (D:3)
  49 orcs
  A ball python (D:3)
  8 bats
  3 bat zombies (D:8)
  9 giant cockroaches
  23 goblins
  15 hobgoblins
  9 jackals
  5 quokkas
  8 frilled lizards
  A jackal zombie (D:9)
  6 kobolds
  2 rats
370 creatures vanquished.

Vanquished Creatures (others)
  Sonja (Lair:2)
  2 cane toads (Lair:1)
  A komodo dragon (Lair:3)
  2 yaks (D:10)
  Eustachio (D:6)
  An orc warrior (D:8)
  A wolf (Lair:2)
  An orc wizard (D:9)
  2 worker ants (Lair:4)
  A hound skeleton (D:7)
  15 fungi
  30 plants
58 creatures vanquished.

Grand Total: 428 creatures vanquished

Notes
Turn   | Place    | Note
-------+----------+-------------------------------------------
     0 | D:1      | ringo67 the Ogre Hunter began the quest for the Orb.
     0 | D:1      | Reached XP level 1. HP: 22/22 MP: 1/1
    52 | D:1      | Reached skill level 3 in Fighting
   392 | D:1      | Reached XP level 2. HP: 21/31 MP: 2/2
  1142 | D:1      | Reached XP level 3. HP: 35/39 MP: 3/3
  1508 | D:2      | Reached skill level 4 in Fighting
  2330 | D:2      | Found an ornate altar of the Wu Jian Council.
  2507 | D:2      | Reached XP level 4. HP: 43/48 MP: 4/4
  2964 | D:2      | Reached skill level 5 in Throwing
  4055 | D:3      | Reached XP level 5. HP: 48/55 MP: 5/5
  4202 | D:3      | Reached skill level 5 in Fighting
  4418 | D:3      | Found a sparkling altar of Nemelex Xobeh.
  4419 | D:3      | Found a stormy altar of Qazlal.
  4625 | D:3      | Found a basalt altar of Yredelemnul.
  4659 | D:3      | Reached skill level 1 in Maces & Flails
  5120 | D:3      | Found a glowing golden altar of the Shining One.
  5467 | D:4      | Reached XP level 6. HP: 36/66 MP: 6/6
  5654 | D:4      | Noticed a phantom
  5667 | D:4      | Killed a phantom
  5741 | D:4      | Reached skill level 6 in Fighting
  7331 | D:4      | Noticed Menkaure
  7341 | D:4      | Killed Menkaure
  7341 | D:4      | Reached XP level 7. HP: 76/76 MP: 7/7
  7487 | D:5      | Entered Level 5 of the Dungeon
  7735 | D:5      | Found a blossoming altar of Fedhas.
  7846 | D:5      | Found a staircase to the Ecumenical Temple.
  7855 | Temple   | Entered the Ecumenical Temple
  7969 | Temple   | Became a worshipper of Ru the Awakened
  8806 | D:6      | Found a runed translucent door.
  8807 | D:6      | Noticed Crazy Yiuf
  8837 | D:6      | Reached skill level 7 in Fighting
  9241 | D:6      | Found a radiant altar of Vehumet.
  9275 | D:6      | Noticed Eustachio
  9303 | D:6      | Killed Eustachio
  9303 | D:6      | Reached XP level 8. HP: 45/87 MP: 8/8
  9611 | D:6      | Got a bloodstained robe
  9612 | D:6      | Identified the cursed +0 robe of Fortification {Int+4
                  | Dex+4} (You found it on level 6 of the Dungeon)
  9631 | D:6      | Noticed jiml777's ghost (novice GnWr)
 10036 | D:6      | Found a runed translucent gate.
 10036 | D:6      | Found a runed translucent gate.
 10036 | D:6      | Found a runed translucent gate.
 10120 | D:6      | Found a broken altar of Ashenzari.
 10742 | D:6      | Gained mutation: You cannot study or use magical devices.
                  | [Ru sacrifice]
 10742 | D:6      | Reached * piety under Ru
 10742 | D:6      | Reached ** piety under Ru
 11221 | D:7      | Found Yroum's Armour Boutique.
 11252 | D:7      | Reached skill level 5 in Maces & Flails
 11328 | D:7      | Found a flagged portal.
 11460 | Bailey   | Entered a bailey
 11486 | Bailey   | Reached skill level 8 in Fighting
 12107 | Bailey   | Noticed an orc knight
 12198 | D:7      | HP: 2/89 [gnoll/+0 hand axe (4)]
 13190 | D:7      | Bought a +1 tower shield of reflection for 216 gold pieces
 13295 | D:7      | Reached XP level 9. HP: 97/97 MP: 9/9
 13406 | D:7      | Reached skill level 1 in Shields
 14898 | D:8      | Gained mutation: You cannot drink potions while threatened.
                  | [Ru sacrifice]
 14898 | D:8      | Reached *** piety under Ru
 14898 | D:8      | Reached **** piety under Ru
 14943 | D:8      | Noticed Psyche
 14946 | D:8      | Noticed a two-headed ogre
 14947 | D:8      | Killed Psyche
 14947 | D:8      | Reached skill level 9 in Fighting
 14965 | D:8      | Killed a two-headed ogre
 15343 | D:8      | Found a glowing golden altar of the Shining One.
 15474 | D:8      | Reached skill level 5 in Dodging
 15482 | D:8      | Found a transporter.
 15486 | D:8      | Noticed Firebatgyro's ghost (novice OgDe)
 15487 | D:8      | Noticed Joseph
 15529 | D:8      | Found a transporter.
 15538 | D:8      | Reached skill level 12 in Fighting
 15538 | D:8      | Reached XP level 10. HP: 115/115 MP: 10/10
 15623 | D:8      | Noticed a manticore
 15649 | D:8      | Killed a manticore
 15649 | D:8      | Reached XP level 11. HP: 16/124 MP: 11/11
 16244 | D:8      | Found a staircase to the Lair.
 16534 | D:8      | Found an ancient bone altar of Kikubaaqudgha.
 17505 | D:9      | Found a bloodstained altar of Trog.
 18012 | D:9      | Found a snail-covered altar of Cheibriados.
 18168 | D:9      | Gained mutation: You are hated by all. [Ru sacrifice]
 18457 | D:10     | Entered Level 10 of the Dungeon
 18474 | D:10     | Found Vuicsar's Antique Weapon Shop.
 18484 | D:10     | Bought a steaming mace for 152 gold pieces
 18484 | D:10     | Identified the +5 mace of the Shore {vamp, rF+ rN+ Int+3
                  | SInv} (You bought it in a shop on level 10 of the Dungeon)
 18525 | D:10     | Reached skill level 13 in Fighting
 19952 | D:10     | Paralysed by a hornet for 3 turns
 20224 | D:10     | Noticed an orange crystal statue
 21485 | D:10     | Noticed an unseen horror
 21516 | D:10     | Killed an unseen horror
 21516 | D:10     | Reached skill level 10 in Maces & Flails
 21628 | D:11     | Noticed a purple ugly thing
 21661 | D:10     | Killed a purple ugly thing
 21710 | Lair:1   | Entered Level 1 of the Lair of Beasts
 22260 | Lair:1   | Reached XP level 12. HP: 132/135 MP: 12/12
 22424 | Lair:1   | Identified 2 scrolls of acquirement
 22424 | Lair:1   | Acquired a +2 hat
 22431 | Lair:1   | Acquired a scarf of resistance
 22434 | Lair:1   | Noticed a seven-headed hydra
 22449 | Lair:1   | Killed a seven-headed hydra
 22449 | Lair:1   | Reached skill level 14 in Fighting
 23085 | Lair:1   | Gained mutation: You cannot be stealthy. [Ru sacrifice]
 23085 | Lair:1   | Reached ***** piety under Ru
 23499 | Lair:2   | Noticed Sonja
 23508 | Lair:2   | Killed Sonja
 23580 | Lair:2   | Noticed Prince Ribbit
 23618 | Lair:2   | Killed Prince Ribbit
 24265 | Lair:2   | Reached skill level 10 in Dodging
 24866 | Lair:3   | Found a staircase to the Snake Pit.
 24980 | Lair:3   | Reached skill level 15 in Fighting
 25166 | Lair:3   | Reached XP level 13. HP: 119/147 MP: 13/13
 26275 | Lair:4   | Noticed an entropy weaver
 26280 | Lair:4   | Noticed an entropy weaver
 26431 | Lair:4   | Killed an entropy weaver
 26433 | Lair:4   | HP: 6/148 [entropy weaver (3)]
 26434 | Lair:4   | Slain by an entropy weaver

Illustrated notes

Levels and vault maps discovered:
D:1:      sevenhm_arrival_forest_fort_small_4, layout_rooms
D:2:      layout_loops_corners, lemuel_doored_altar
D:3:      layout_loops_cross, lemuel_coloured_pillars_altar,
          gammafunk_temple_overflow_statue, tso_altar
D:4:      layout_cave_pods, uniq_menkaure
D:5:      layout_basic, minmay_temple_entry_glass, fedhas_altar_3
D:6:      layout_basic, evilmike_ruin_ashenzari, basic_altar,
          gammafunk_ghost_icy, uniq_crazy_yiuf_cottage, uniq_eustachio
D:7:      layout_basic, enter_bailey_3, serial_shops, nicolae_shop_stone
D:8:      layout_basic, lemuel_zombie_altar_kikubaaqudgha, lemuel_round_altar,
          lair_entry_dummy, gammafunk_ghost_stat_death, uniq_joseph, uniq_psyche
D:9:      layout_roguey, kennysheep_little_box, trog_ov_bears_minmay
D:10:     layout_gridville, kennysheep_orc_monster_closet_entryway,
          serial_shops, shop, disabler_island
D:11:     layout_loops_ring, ploomutoo_gammafunk_ghost_potion_laboratory,
          uniq_erolcha, uniq_urug, uniq_josephine
Temple:   dshaligram_water_room_temple
Lair:1:   layout_regular_city
Lair:2:   layout_misc_corridors, serial_bayou_shore_a, grunt_megastairs_3,
          uniq_prince_ribbit2, uniq_sonja
Lair:3:   layout_cave_shapes, dummy_snake_entry, minmay_lair_oklob_chamber
Lair:4:   layout_loops_ring, skrybe_swamp_entry_bodies,
          grunt_forest_stairs_basic, minmay_hedge_maze, minmay_another_anthill,
          serial_bayou_shore_b, uniq_snorg

Skill      XL: |  1  2  3  4  5  6  7  8  9 10 11 12 13 |
---------------+----------------------------------------+-----
Fighting       | 3 4 5 6 7 8 12 13 15 | 15.6
Throwing       | 5 6 7 8 |  8.0
Maces & Flails | 1 2 4 5 9 10 11 | 11.5
Dodging        | 2 3 7 9 10 | 10.6
Shields        | 3 |  3.2

Action                   |  1- 3 |  4- 6 |  7- 9 | 10-12 | 13-15 || total
-------------------------+-------+-------+-------+-------+-------++-------
Melee: Short sword       |   183 |   186 |       |       |       ||   369
       Lajatang          |       |    18 |     1 |       |       ||    19
       Flail             |       |       |   198 |       |       ||   198
       Hand axe          |       |       |   220 |   108 |       ||   328
       Mace              |       |       |       |   704 |   242 ||   946
       Morningstar       |       |       |       |    84 |       ||    84
Throw: Dart              |       |    34 |    31 |    13 |       ||    78
       Large rock        |       |    14 |    17 |     6 |       ||    37
       Throwing net      |       |     3 |     1 |       |       ||     4
Invok: Sacrifice Artific |       |       |     1 |       |       ||     1
       Sacrifice Drink   |       |       |     1 |       |       ||     1
       Sacrifice Love    |       |       |       |     1 |       ||     1
       Sacrifice Stealth |       |       |       |     1 |       ||     1
       Apocalypse        |       |       |       |       |     1 ||     1
       Reject Sacrifices |       |       |       |       |     1 ||     1
  Use: Scroll            |       |       |    16 |    11 |     3 ||    30
       Potion            |       |       |     4 |       |       ||     4
 Stab: Sleeping          |     1 |       |       |       |       ||     1
       Invisible         |       |       |     3 |     3 |     3 ||     9
       Distracted        |       |       |     1 |     4 |       ||     5
       Paralysed         |       |       |       |     7 |       ||     7
Armor: Robe              |    70 |    49 |    73 |    58 |       ||   250
       Steam dragon scal |       |       |       |   110 |    18 ||   128
Dodge: Dodged            |   121 |   135 |   242 |   301 |    56 ||   855
       Repelled          |       |     1 |     6 |     9 |     4 ||    20
Block: Tower shield      |       |       |   113 |   675 |   144 ||   932
       Reflection        |       |       |     4 |    14 |     3 ||    21

Table legend: (Time is in decaauts)
 A = Elapsed time spent in this place.
 B = Non-inter-level travel time spent in this place.
 C = Inter-level travel time spent in this place.
 D = Time resting spent in this place.
 E = Time spent auto-exploring this place.
 F = Levels seen in this place.
 G = Mean time per level.
                   A        B        C        D        E       F      G
               +--------+--------+--------+--------+--------+-----+--------+
         Total |  26638 |  26180 |    458 |  12112 |   9442 |  17 | 1566.9 |
       Dungeon |  21363 |  21012 |    351 |  10655 |   7216 |  11 | 1942.1 |
        Temple |    142 |    127 |     15 |      0 |     94 |   1 |  142.0 |
          Lair |   4393 |   4301 |     92 |   1045 |   2132 |   4 | 1098.2 |
        Bailey |    739 |    739 |      0 |    412 |      0 |   1 |  739.0 |
               +--------+--------+--------+--------+--------+-----+--------+

Top non-repeatable levels by time:
     D:6: 2866 daAuts
     D:3: 2788 daAuts
     D:8: 2614 daAuts
     D:7: 2575 daAuts
     D:9: 2308 daAuts
    D:10: 2275 daAuts
     D:2: 1902 daAuts
  Lair:3: 1618 daAuts
     D:1: 1442 daAuts
  Lair:1: 1425 daAuts
     D:4: 1402 daAuts
  Lair:2: 1169 daAuts
     D:5: 1146 daAuts
  Bailey: 739 daAuts
  Lair:4: 179 daAuts
